 Dungeon Crawl Stone Soup version 0.28-a0-750-g7c675f85b1 (webtiles) character file.

Game seed: 343627661672966076

11 Sweetruy1997 the Chopper (level 2, -4/24 HPs)
             Began as a Demonspawn Chaos Knight on Oct 29, 2021.
             Was a Plaything of Xom.
             Slain by a gnoll (6 damage)
             ... on level 1 of the Dungeon.
             The game lasted 00:01:30 (247 turns).

Sweetruy1997 the Chopper (Demonspawn Chaos Knight)   Turns: 247, Time: 00:01:31

Health: -4/24      AC: 11    Str: 12    XL:     2   Next: 17%
Magic:  2/2        EV: 11    Int: 13    God:    Xom [..*...]
Gold:   0          SH:  0    Dex: 12    Spells: 1/1 levels left

rFire   . . .      SeeInvis .   a - +0 hand axe (chaos)
rCold   . . .      Faith    .   (no shield)
rNeg    . . .      Spirit   .   b - +2 leather armour
rPois   .          Reflect  .   (no helmet)
rElec   .          Harm     .   (no cloak)
rCorr   .          Rampage  .   (no gloves)
Will    .....                   (no boots)
Stlth   +.........              (no amulet)
HPRegen 0.08/turn               (no ring)
MPRegen 0.08/turn               (no ring)

@: sanguine armoured
A: sanguine armour 1
a: Renounce Religion


You were on level 1 of the Dungeon.
You worshipped Xom.
You were a toy of Xom.
You visited 1 branch of the dungeon, and saw 1 of its levels.

Inventory:

Hand Weapons
 a - a +0 hand axe of chaos (weapon)
Armour
 b - a +2 leather armour (worn)
Potions
 c - a potion of might {unknown}
 d - a potion of resistance {unknown}
 e - a potion of haste {unknown}


   Skills:
 + Level 3.1 Fighting
 + Level 3.1 Axes
 + Level 1.9 Armour
 + Level 1.1 Dodging


You had one spell level left.
You didn't know any spells.
Your spell library was empty.

Dungeon Overview and Level Annotations

Branches:
Dungeon (1/15)

Altars:


Innate Abilities, Weirdness & Mutations

When seriously injured, your bleeding wounds create armour. (AC +6)


Message History

a +0 short sword; a kobold corpse; a frilled lizard corpse You are too injured to fight recklessly!
You are too injured to fight recklessly!
You are too injured to fight recklessly!
You barely miss the goblin. The goblin hits you but does no damage.
You hit the goblin.
You kill the goblin!
A gnoll comes into view. It is wielding a +0 spear.
The gnoll shouts!
The gnoll moves out of view.
Things that are here:
a +2 vampiric dagger; a goblin corpse You start resting.
A gnoll is nearby!
A gnoll is nearby!
The rat twitches its whiskers.
Things that are here:
a +2 vampiric dagger; a goblin corpse Your extra speed is starting to run out.
Things that are here:
a +0 short sword; a kobold corpse; a frilled lizard corpse You are too injured to fight recklessly!
You feel yourself slow down. "Let's try an experiment, hmmm?"
Nothing appears to happen...
Ominous!
The rat closely misses you.
You barely miss the rat. The rat barely misses you.
You slash the rat!
You kill the rat!
The gnoll hits you from afar with a +0 spear.
* * * LOW HITPOINT WARNING * * *
The gnoll hits you but does no damage.
You see here a rat corpse.
You closely miss the gnoll. The gnoll hits you but does no damage.
The gnoll hits you with a +0 spear.
* * * LOW HITPOINT WARNING * * *
You hit the gnoll.
The gnoll is lightly wounded.
The gnoll hits you with a +0 spear.
You die...

#..........#...#.#
#....).....#####.#
#....
#.................
..#..##
#..........##+ #.##
#...... #...#####..#
#.# #...... #...#
#...# #.+ #......
##### #...# #.#
#.###.#
#...#####.#####......
#...@g...............
#.####...............
#............##......
#######..............
#####..###.....
....## ###### #.#...
# #......# #......#


You could see a gnoll.

Vanquished Creatures
  A dart slug (D:1)
  An endoplasm (D:1)
  A giant cockroach (D:1)
  2 goblins (D:1)
  A frilled lizard (D:1)
  A kobold (D:1)
  3 rats (D:1)
10 creatures vanquished.

Notes
Turn   | Place    | Note
-------+----------+-------------------------------------------
     0 | D:1      | Sweetruy1997 the Demonspawn Chaos Knight began the quest
                  | for the Orb.
     0 | D:1      | Reached XP level 1. HP: 18/18 MP: 1/1
    45 | D:1      | Reached skill level 1 in Dodging
   120 | D:1      | Found a faded altar of an unknown god.
   184 | D:1      | XOM: potion effect (haste)
   200 | D:1      | Gained mutation: When seriously injured, your bleeding
                  | wounds create armour. (AC +6) [demonic ancestry]
   200 | D:1      | Reached XP level 2. HP: 3/24 MP: 2/2
   232 | D:1      | XOM: silly message
   246 | D:1      | HP: 1/24 [gnoll (3)]
   247 | D:1      | Slain by a gnoll

Illustrated notes

Levels and vault maps discovered:
D:1:      minmay_arrival_four_houses, layout_rooms,
          ebering_ecumenical_altar_sacrificial

Skill      XL: |  1 |
---------------+----+-----
Dodging        | 1 |  1.1
Axes           | 3 |  3.1
Fighting       | |  3.1
Armour         | |  1.9

Action                   || total
-------------------------++-------
Melee: Hand axe          ||    23
Armor: Leather armour    ||     4
Dodge: Dodged            ||     9

Table legend: (Time is in decaauts)
 A = Elapsed time spent in this place.
 B = Non-inter-level travel time spent in this place.
 C = Inter-level travel time spent in this place.
 D = Time resting spent in this place.
 E = Time spent auto-exploring this place.
 F = Levels seen in this place.
 G = Mean time per level.
                   A        B        C        D        E       F      G
               +--------+--------+--------+--------+--------+-----+--------+
         Total |    237 |    237 |      0 |      1 |    148 |   1 |  237.0 |
       Dungeon |    237 |    237 |      0 |      1 |    148 |   1 |  237.0 |
               +--------+--------+--------+--------+--------+-----+--------+

Top non-repeatable levels by time:
     D:1: 237 daAuts
